A
ERIE ROADRUNNERS @ ABERDEEN IRONBIRDS
04/14/2060
 
TOP OF THE 1ST
Erie Roadrunners batting - Pitching for Aberdeen Ironbirds : RHP Evan Owens
Pitching: RHP Evan Owens
Batting: RHB Braydon Makris 0-0: Swinging Strike
0-1: Foul Ball, location: 2F
0-2: Ball
1-2: Strikes out swinging
Batting: SHB Brannon Acevedo 0-0: Ball
1-0: Foul Ball, location: 2F
1-1: Fly out, F9 (Flyball, 89M, EV 95.6 MPH)
Batting: RHB Chandler Penrod 0-0: Ball
1-0: Called Strike
1-1: Ball
2-1: Foul Ball, location: 2F
2-2: Foul Ball, location: 2F
2-2: Foul Ball, location: 2F
2-2: Fly out, F3 (Popup, 23F, EV 85.0 MPH)
Top of the 1st over - 0 runs, 0 hits, 0 errors, 0 left on base; Erie 0 - Aberdeen 0
BOTTOM OF THE 1ST
Aberdeen Ironbirds batting - Pitching for Erie Roadrunners : LHP Jamison McTaggart
Pitching: LHP Jamison McTaggart
Batting: RHB Joey Scott 0-0: Called Strike
0-1: Called Strike
0-2: Ball
1-2: Strikes out looking
Batting: RHB Joey Wilburn 0-0: Ground out 5-3 (Groundball, 56, EV 93.1 MPH)
Batting: RHB Trevor Tyus 0-0: Ball
1-0: Called Strike
1-1: Foul Ball, location: 2F
1-2: Foul Ball, location: 2F
1-2: Ball
2-2: Strikes out swinging
Bottom of the 1st over - 0 runs, 0 hits, 0 errors, 0 left on base; Erie 0 - Aberdeen 0
TOP OF THE 2ND
Erie Roadrunners batting - Pitching for Aberdeen Ironbirds : RHP Evan Owens
Batting: SHB Spencer Buccheri 0-0: Called Strike
0-1: Ball
1-1: Foul Ball, location: 2F
1-2: Reached on error, E3 (Groundball, 34, EV 98.8 MPH)
Batting: RHB Townes Zhan 0-0: Swinging Strike
0-1: Foul Ball, location: 2F
0-2: Ball
1-2: Ground out 6-3 (Groundball, 6M, EV 81.9 MPH)
Spencer Buccheri to third
Batting: LHB Tom McNew 0-0: DOUBLE (Line Drive, 89D, EV 106.2 MPH)
Spencer Buccheri scores
Batting: RHB Tre Daalhuizen 0-0: Ball
1-0: Ball
2-0: Swinging Strike
2-1: Called Strike
2-2: Foul Ball, location: 2F
2-2: Reached on error, E6 (Groundball, 6S, EV 61.9 MPH)
Tom McNew to third
Batting: LHB Brendan Anderson 0-0: Called Strike
0-1: Swinging Strike
0-2: Strikes out looking
Batting: RHB Rhys Oqvist 0-0: Ball
1-0: Ball
2-0: SINGLE (Groundball, 56D, EV 103.1 MPH)
Tom McNew scores
Tre Daalhuizen to second
Runner from 2nd tries for 3rd, SAFE, throw by LF made to third
Rhys Oqvist to second
Batting: RHB Braydon Makris 0-0: Called Strike
0-1: Ball
Wild Pitch!
Tre Daalhuizen scores
Rhys Oqvist to third
1-1: Swinging Strike
1-2: Ball
2-2: Foul Ball, location: 2F
2-2: Ball
3-2: Foul Ball, location: 2F
3-2: Strikes out swinging
Top of the 2nd over - 3 runs, 2 hits, 2 errors, 1 left on base; Erie 3 - Aberdeen 0
BOTTOM OF THE 2ND
Aberdeen Ironbirds batting - Pitching for Erie Roadrunners : LHP Jamison McTaggart
Batting: RHB Wyatt Tait 0-0: Called Strike
0-1: Ball
1-1: Ball
2-1: Ball
3-1: Base on Balls
Batting: RHB Ashby Ellis 0-0: Ball
1-0: Ball
2-0: Foul Ball, location: 2F
2-1: Grounds into double play, 4-6-3 (Groundball, 4, EV 108.1 MPH)
Batting: RHB Jimmy Oliver 0-0: Called Strike
0-1: Called Strike
0-2: Ball
1-2: Ball
2-2: Fly out, F8 (Line Drive, 8LM, EV 93.1 MPH)
Bottom of the 2nd over - 0 runs, 0 hits, 0 errors, 0 left on base; Erie 3 - Aberdeen 0
TOP OF THE 3RD
Erie Roadrunners batting - Pitching for Aberdeen Ironbirds : RHP Evan Owens
Batting: SHB Brannon Acevedo 0-0: Ball
1-0: Ball
2-0: Ground out 6-3 (Groundball, 4M, EV 98.8 MPH)
Batting: RHB Chandler Penrod 0-0: Ball
1-0: Swinging Strike
1-1: Fly out, F4 (Flyball, 4MD, EV 86.9 MPH)
Batting: SHB Spencer Buccheri 0-0: Ground out 1-3 (Groundball, 13, EV 70.6 MPH)
Top of the 3rd over - 0 runs, 0 hits, 0 errors, 0 left on base; Erie 3 - Aberdeen 0
BOTTOM OF THE 3RD
Aberdeen Ironbirds batting - Pitching for Erie Roadrunners : LHP Jamison McTaggart
Batting: RHB Jeremiah Butler 0-0: Ball
1-0: Ball
2-0: Foul Ball, location: 2F
2-1: Foul Ball, location: 2F
2-2: Foul Ball, location: 2F
2-2: Foul Ball, location: 2F
2-2: Ball
3-2: Base on Balls
Batting: SHB Evan Lind 0-0: Ball
1-0: Foul Ball, location: 2F
1-1: Ball
2-1: Foul Ball, location: 2F
2-2: Ball
3-2: Base on Balls
Jeremiah Butler to second
Batting: RHB Clayton Mendieta 0-0: Ball
1-0: Swinging Strike
1-1: Foul Ball, location: 2F
1-2: Grounds into double play, 3-6-1 (Groundball, 34, EV 81.2 MPH)
Jeremiah Butler to third
Batting: RHB Joey Scott 0-0: Called Strike
0-1: Hit by Pitch
Batting: RHB Joey Wilburn 0-0: Ball
1-0: Ball
2-0: Ball
3-0: Called Strike
3-1: Base on Balls
Joey Scott to second
Batting: RHB Trevor Tyus 0-0: Swinging Strike
0-1: Foul Ball, location: 2F
0-2: Strikes out swinging
Bottom of the 3rd over - 0 runs, 0 hits, 0 errors, 3 left on base; Erie 3 - Aberdeen 0
TOP OF THE 4TH
Erie Roadrunners batting - Pitching for Aberdeen Ironbirds : RHP Evan Owens
Batting: RHB Townes Zhan 0-0: Swinging Strike
0-1: Ball
1-1: Swinging Strike
1-2: Ball
2-2: Ground out 1-3 (Groundball, 13S, EV 73.8 MPH)
Batting: LHB Tom McNew 0-0: Ball
1-0: SINGLE (Groundball, 6MD, EV 94.4 MPH)
Batting: RHB Tre Daalhuizen 0-0: Ball
1-0: Ball
2-0: Ball
3-0: Foul Ball, location: 2F
3-1: Called Strike
3-2: Strikes out swinging
Tom McNew steals 2nd base
Batter strikes out.
Batting: LHB Brendan Anderson 0-0: Called Strike
0-1: Ball
1-1: Ball
2-1: Foul Ball, location: 2F
2-2: Ground out 4-3 (Groundball, 4, EV 82.5 MPH)
Top of the 4th over - 0 runs, 1 hit, 0 errors, 1 left on base; Erie 3 - Aberdeen 0
BOTTOM OF THE 4TH
Aberdeen Ironbirds batting - Pitching for Erie Roadrunners : LHP Jamison McTaggart
Batting: RHB Wyatt Tait 0-0: Called Strike
0-1: Ball
1-1: Called Strike
1-2: Strikes out looking
Batting: RHB Ashby Ellis 0-0: Ball
1-0: Swinging Strike
1-1: Ball
2-1: Swinging Strike
2-2: Foul Ball, location: 2F
2-2: Foul Ball, location: 2F
2-2: DOUBLE (Line Drive, 9LS, EV 105.6 MPH)
Batting: RHB Jimmy Oliver 0-0: Ball
1-0: Called Strike
1-1: Ball
2-1: Fly out, F8 (Line Drive, 8LM, EV 98.8 MPH)
Batting: RHB Jeremiah Butler 0-0: Swinging Strike
0-1: Foul Ball, location: 2F
0-2: Ball
1-2: Ball
2-2: Fly out, F7 (Flyball, 7LMF, EV 95.6 MPH)
Bottom of the 4th over - 0 runs, 1 hit, 0 errors, 1 left on base; Erie 3 - Aberdeen 0
TOP OF THE 5TH
Erie Roadrunners batting - Pitching for Aberdeen Ironbirds : RHP Evan Owens
Batting: RHB Rhys Oqvist 0-0: Foul Ball, location: 2F
0-1: Ball
1-1: Ball
2-1: Swinging Strike
2-2: Strikes out looking
Batting: RHB Braydon Makris 0-0: Called Strike
0-1: Ball
1-1: Called Strike
1-2: Ground out 6-3 (Groundball, 56, EV 85.0 MPH)
Batting: SHB Brannon Acevedo 0-0: SINGLE (Groundball, 34D, EV 104.4 MPH)
Batting: RHB Chandler Penrod 0-0: Foul Ball, location: 2F
0-1: Ball
1-1: Ball
2-1: Fly out, F7 (Flyball, 7S, EV 85.0 MPH)
Top of the 5th over - 0 runs, 1 hit, 0 errors, 1 left on base; Erie 3 - Aberdeen 0
BOTTOM OF THE 5TH
Aberdeen Ironbirds batting - Pitching for Erie Roadrunners : LHP Jamison McTaggart
Batting: SHB Evan Lind 0-0: Foul Ball, location: 2F
0-1: Foul Ball, location: 2F
0-2: Ball
1-2: Foul Ball, location: 2F
1-2: Ball
2-2: Strikes out swinging
Batting: RHB Clayton Mendieta 0-0: Ball
1-0: Ball
2-0: Called Strike
2-1: Ball
3-1: Fly out, F7 (Flyball, 7S, EV 93.8 MPH)
Batting: RHB Joey Scott 0-0: Called Strike
0-1: Foul Ball, location: 2F
0-2: Ball
1-2: Strikes out swinging
Bottom of the 5th over - 0 runs, 0 hits, 0 errors, 0 left on base; Erie 3 - Aberdeen 0
TOP OF THE 6TH
Erie Roadrunners batting - Pitching for Aberdeen Ironbirds : RHP Evan Owens
Batting: SHB Spencer Buccheri 0-0: Ground out 3-1 (Groundball, 34, EV 89.4 MPH)
Batting: RHB Townes Zhan 0-0: Called Strike
0-1: Called Strike
0-2: Ball
1-2: Strikes out swinging
Batting: LHB Tom McNew 0-0: Ball
1-0: Called Strike
1-1: Called Strike
1-2: Ball
2-2: Strikes out looking
Top of the 6th over - 0 runs, 0 hits, 0 errors, 0 left on base; Erie 3 - Aberdeen 0
BOTTOM OF THE 6TH
Aberdeen Ironbirds batting - Pitching for Erie Roadrunners : LHP Jamison McTaggart
Batting: RHB Joey Wilburn 0-0: Called Strike
0-1: Called Strike
0-2: Ball
1-2: Foul Ball, location: 2F
1-2: Foul Ball, location: 2F
1-2: Ball
2-2: Strikes out swinging, 2-3 out at first.
Batting: RHB Trevor Tyus 0-0: Foul Ball, location: 2F
0-1: Fly out, F7 (Line Drive, 7, EV 90.0 MPH)
Batting: RHB Wyatt Tait 0-0: Called Strike
0-1: Ball
1-1: Foul Ball, location: 2F
1-2: Fly out, F9 (Flyball, 9S, EV 87.5 MPH)
Bottom of the 6th over - 0 runs, 0 hits, 0 errors, 0 left on base; Erie 3 - Aberdeen 0
TOP OF THE 7TH
Erie Roadrunners batting - Pitching for Aberdeen Ironbirds : RHP Evan Owens
Pitching: LHP Newton Van der Vliet
Batting: RHB Tre Daalhuizen 0-0: Ball
1-0: Ball
2-0: Ball
3-0: Called Strike
3-1: Ground out 4-3 (Groundball, 4S, EV 88.8 MPH)
Batting: LHB Brendan Anderson 0-0: Ball
1-0: SINGLE (Groundball, 6D, EV 96.9 MPH)
Batting: RHB Rhys Oqvist 0-0: Swinging Strike
0-1: Foul Ball, location: 2F
0-2: Ball
1-2: Strikes out swinging
Batting: RHB Braydon Makris 0-0: Foul Ball, location: 2F
0-1: Called Strike
0-2: Ball
1-2: Ball
2-2: Foul Ball, location: 2F
2-2: Ball
3-2: Foul Ball, location: 2F
3-2: Strikes out looking
Top of the 7th over - 0 runs, 1 hit, 0 errors, 1 left on base; Erie 3 - Aberdeen 0
BOTTOM OF THE 7TH
Aberdeen Ironbirds batting - Pitching for Erie Roadrunners : LHP Jamison McTaggart
Pitching: LHP G.T. Guillen
Batting: RHB Ashby Ellis 0-0: Called Strike
0-1: Fly out, F5 (Popup, 5F, EV 66.2 MPH)
Batting: RHB Jimmy Oliver 0-0: Foul Ball, location: 2F
0-1: Ball
1-1: Ball
2-1: SINGLE (Line Drive, 8LS, EV 99.4 MPH)
Batting: RHB Jeremiah Butler 0-0: Swinging Strike
0-1: Fly out, F7 (Flyball, 7, EV 91.9 MPH)
Batting: SHB Evan Lind 0-0: Ball
1-0: Fielders Choice at 2nd, 6-4 (Groundball, 6, EV 85.6 MPH)
Bottom of the 7th over - 0 runs, 1 hit, 0 errors, 1 left on base; Erie 3 - Aberdeen 0
TOP OF THE 8TH
Erie Roadrunners batting - Pitching for Aberdeen Ironbirds : LHP Newton Van der Vliet
Batting: SHB Brannon Acevedo 0-0: Ball
1-0: Called Strike
1-1: Called Strike
1-2: Foul Ball, location: 2F
1-2: Foul Ball, location: 2F
1-2: Strikes out swinging
Batting: RHB Chandler Penrod 0-0: Called Strike
0-1: Foul Ball, location: 2F
0-2: Ground out U3 (Groundball, 34, EV 91.9 MPH)
Batting: SHB Spencer Buccheri 0-0: Ball
1-0: Ball
2-0: Called Strike
2-1: Foul Ball, location: 2F
2-2: Strikes out swinging, 2-3 out at first.
Top of the 8th over - 0 runs, 0 hits, 0 errors, 0 left on base; Erie 3 - Aberdeen 0
BOTTOM OF THE 8TH
Aberdeen Ironbirds batting - Pitching for Erie Roadrunners : LHP G.T. Guillen
Batting: RHB Clayton Mendieta 0-0: Ball
1-0: Called Strike
1-1: Ball
2-1: Ground out 4-3 (Groundball, 4D, EV 104.4 MPH)
Batting: RHB Joey Scott 0-0: Swinging Strike
0-1: Fly out, F8 (Flyball, 8LM, EV 91.2 MPH)
Batting: RHB Joey Wilburn 0-0: Ball
1-0: Ball
2-0: Called Strike
2-1: Ball
3-1: Base on Balls
Batting: RHB Trevor Tyus 0-0: Ball
1-0: Foul Ball, location: 2F
1-1: Ball
2-1: SINGLE (Groundball, 6D, EV 96.2 MPH)
Joey Wilburn to second
Batting: RHB Wyatt Tait 0-0: Fielders Choice at 2nd, 6-4 (Groundball, 6, EV 86.2 MPH)
Bottom of the 8th over - 0 runs, 1 hit, 0 errors, 2 left on base; Erie 3 - Aberdeen 0
TOP OF THE 9TH
Erie Roadrunners batting - Pitching for Aberdeen Ironbirds : LHP Newton Van der Vliet
Batting: RHB Townes Zhan 0-0: Ball
1-0: Fly out, F8 (Flyball, 8RM, EV 88.1 MPH)
Batting: LHB Tom McNew 0-0: Called Strike
0-1: Ball
1-1: Ball
2-1: Ball
3-1: Ground out U3 (Groundball, 3L, EV 101.2 MPH)
Batting: RHB Tre Daalhuizen 0-0: Ball
1-0: Called Strike
1-1: Ball
2-1: Called Strike
2-2: Strikes out swinging
Top of the 9th over - 0 runs, 0 hits, 0 errors, 0 left on base; Erie 3 - Aberdeen 0
BOTTOM OF THE 9TH
Aberdeen Ironbirds batting - Pitching for Erie Roadrunners : LHP G.T. Guillen
Pitching: RHP Grayson Card
Batting: RHB Ashby Ellis 0-0: Ball
1-0: SOLO HOME RUN (Flyball, 9D, EV 98.1 MPH), Distance : 376 ft
Pinch Hitting: SHB Kyle Garris 0-0: Foul Ball, location: 2F
0-1: SINGLE (Line Drive, 9LS, EV 98.8 MPH)
Batting: RHB Jeremiah Butler 0-0: Ball
1-0: SINGLE (Groundball, 56D, EV 101.2 MPH)
Kyle Garris to second
Pinch Runner at 2nd Trevor Gorsuch:
Batting: SHB Evan Lind 0-0: Bunted foul
0-1: Bunted foul
0-2: SINGLE (Line Drive, 6D, EV 94.4 MPH)
Trevor Gorsuch to third
Jeremiah Butler to second
Pinch Hitting: RHB Ted Walker 0-0: Foul Ball, location: 2F
0-1: Called Strike
0-2: Ball
1-2: SINGLE (Groundball, 6MD, EV 105.6 MPH)
Trevor Gorsuch scores
Jeremiah Butler to third
Evan Lind to second
Runner from 3rd tries for Home, throw by CF and OUT! 8-2
Batting: RHB Joey Scott 0-0: Ball
1-0: Grounds into double play, U3-6 (Groundball, 3L, EV 76.9 MPH)
Bottom of the 9th over - 2 runs, 5 hits, 0 errors, 1 left on base; Erie 3 - Aberdeen 2
Saturday, April 27th , 2024 - OOTP Baseball 23.10 Build 110